AoeStats
← Mick 98

Hideout

509570068Analyzed
1v1 RM · 4d ago on Sep 27, 2026· 54m 20s· 2 players
Game mode
Random Map
Map size
Tiny (2 player)
Population
200
Speed
Normal
Resources
Standard
Victory
Conquest
Starting age
Dark Age
Ending age
Imperial Age
RankedLock teamsTeams togetherTeam positionsShared explorationLock speedFull tech treeHidden civsTurbo modeCheats
Victory
Defeat
🇩🇪 Koreans · Germany
1283
+19
🇬🇧 Danes · United Kingdom
1339
-19
Gold Eagle
6:37 Loom
11:06 Feudal Age
11:48 Double-Bit Axe
12:01 Arson
11:59 Man-at-Arms
16:37 Fletching
18:20 Padded Archer Armor
22:59 Castle Age
22:07 Double-Bit Axe
22:15 Horse Collar
24:30 Bow Saw
26:45 Bodkin Arrow
41:57 Imperial Age
43:56 Squires
43:42 Gambesons
44:27 Forging
44:17 Scale Mail Armor
45:19 Wheelbarrow
46:01 Iron Casting
47:17 Chain Mail Armor
51:45 Elite Skirmisher
Mick 98
10:51 Feudal Age
11:51 Loom
12:32 Double-Bit Axe
13:10 Horse Collar
15:17 Fletching
25:05 Castle Age
23:42 Gold Mining
24:34 Scale Barding Armor
25:32 Forging
25:12 Crossbowman
25:55 Husbandry
26:04 Bodkin Arrow
29:33 Bow Saw
31:37 Wheelbarrow
31:18 Stone Mining
32:39 Town Watch
33:54 Thumb Ring
35:44 Ballistics
43:37 Imperial Age
43:47 Hand Cart
43:47 Town Patrol
43:57 Arbalester
44:57 Bracer
46:08 Husbandry
45:29 Light Cavalry
46:34 Chain Barding Armor
46:50 Iron Casting
47:27 Chemistry
46:39 Masonry
46:34 Siege Engineers
46:49 Hussar
48:17 Scale Mail Armor
49:09 Conscription
Connection lost

Rejoining the realm…

Still unreachable

The connection could not be restored.

Session expired

The server has moved on; the page needs a fresh start.